 BcadrenCrawl: Boulder Brew version 0.04-9-g2b7ad2140f (webtiles) character file.

Game seed: 17279731082777394418, levelgen mode: deterministic

1584 MisterOstroum the Firebug (level 8, -5/66 HPs) Cyan Draconian Demonspawn. Began on Nov 29, 2020. Slain by a harpy skeleton (13 damage) ... on level 3 of the Dungeon on Mar 24, 2021. The game lasted 00:26:37 (5417 turns).

MisterOstroum the Firebug (DrDs)                    Turns: 5417, Time: 00:26:38

Health: -5/66      AC:  9    Str: 18 (20) XL:     8 ^: 535
Magic:  0/14       EV: 14    Int: 14      God:
Gold:   88         SH:  0    Dex: 15 (19) Spells: 6/15 levels left

rFire    . . .     Vision   .   c - +0 trident
rCold    . . .     Gourm    .   (no weapon)
rNeg     . . .     Faith    .   (armour unavailable)
rPois    .         Spirit   +   (helmet restricted)
rElec    .         Reflect  .   w - +0 cloak
rCorr    .         Harm     .   k - +0 pair of gloves
MR       .....                  (no boots)
Stlth    ++........             q - amulet "Eleotuel" {RegenMP Str+2 Dex+4 Slay-6, (Curse: *Drain)} (curse)
HPRegen  0.32/turn              y - ring of dexterity
MPRegen  0.73/turn              (no ring)

@: no status effects
A: no body armour, unfitting armour, horns 2, deterioration 1, magic shield,
magic regeneration, cold-blooded, translocations enhancer 1, rCloud, rAir, AC +7
a: Breathe Blast of Wind


You were on level 3 of the Dungeon.
You were not hungry.

You visited 1 branch of the dungeon, and saw 3 of its levels.

You collected 88 gold pieces.

Inventory:

Weapons
 a - a +0 spear (quivered)
 b - a +0 hunting sling
 c - a +0 trident (weapon)
 o - a +0 dagger
Armour
 k - a +0 pair of gloves (worn)
 w - a +0 cloak (worn)
Jewellery
 g - a cursed ring of fire {(Curse: Int-4)}
 i - a cursed ring of positive energy {(Curse: MR-)}
 l - a cursed amulet of the gourmand {(Curse: rF- MR-)}
 q - the cursed amulet "Eleotuel" (around neck) {RegenMP Str+2 Dex+4 Slay-6, (Curse: *Drain)}
   (You took it off a kobold on level 2 of the Dungeon)

   [amulet of magic regeneration]

   It increases your magic regeneration.
   It affects your strength (+2).
   It affects your dexterity (+4).
   It affects your accuracy and damage with ranged weapons and melee attacks
   (-6).
   It has a curse placed upon it.
   { (Curse: *Drain)}
 y - a ring of dexterity (left hand)
Scrolls
 f - a scroll of immolation
 h - a scroll of enchantment
 m - a scroll of blinking {@r4}
 p - a scroll of magic mapping {@r5 !r}
 t - a scroll of torment
 v - a scroll of fog {!r}
 x - a scroll of fear {!r}
Potions
 d - 2 potions of cancellation
 j - a potion of resistance
 r - a potion of heal wounds {@q2 !q}
 s - a potion of agility {@q5 !q}
 u - a potion of curing {@q1 !q}
Comestibles
 e - 6 rations
 n - 5 chunks of flesh


   Skills:
 + Level 4.2 Fighting
 * Level 4.0 Polearms
 + Level 3.4 Dodging
 - Level 1.3 Stealth
 + Level 4.4 Spellcasting
 - Level 4.0 Translocations
 + Level 5.1 Fire Magic
   Level 3.0 Invocations


You had 6 spell levels left.
You knew the following spells:

 Your Spells              Type           Power        Failure   Level  Hunger
a - Flame Tongue          Fire           17 (30)      2%          1    None
b - Blink                 Tloc           N/A          5%          2    ##.....
c - Conjure Flame         Fire           17 (100)     7%          3    ###....
d - Mephitic Cloud        Pois/Air       3 (100)      50%         3    ###....

Your spell library contained the following spells:

 Spells                   Type           Power        Failure   Level  Hunger
 Call Imp                 Summ           3 (100)      28%         2    ##.....
 Slow                     Hex            3 (100)      28%         2    ##.....


Dungeon Overview and Level Annotations

Branches:
Dungeon (3/8)

Altars:

Annotations:
D:3 Eustachio


Innate Abilities, Weirdness & Mutations

You cannot fit into any form of body armour.
Your empereal azure scales are resilient. (AC +7)
You can breathe strong gales of wind.
You have a pair of horns on your head.
When hurt, damage is shared between your health and your magic reserves.
You regenerate magic rapidly.
You are cold-blooded and may be slowed by cold attacks.
You are in touch with the powers of translocation.
Your empereal azure scales grant you immunity to the effects of clouds and air. (rCloud, rAir)
Your body sometimes deteriorates upon taking damage.


Message History

Unknown command.
You hit the harpy skeleton (6).
You hit the harpy skeleton but do no damage.
The harpy skeleton is lightly damaged. (44/50) HP The harpy skeleton barely misses you (0).
The harpy skeleton claws you (3). The harpy skeleton claws you (7)! x2
The harpy skeleton blocks your attack.
You hit the harpy skeleton but do no damage.
You tail-slap the harpy skeleton, but do no damage.
The harpy skeleton is lightly damaged. (44/50) HP The harpy skeleton claws you (13)!
The harpy skeleton barely misses you (0).
The harpy skeleton closely misses you (0).
The harpy skeleton claws you (4).
The harpy skeleton closely misses you (0).
The harpy skeleton claws you (2).
Casting: Flame Tongue (safe; 2% risk of failure)
Confirm with . or Enter, or press ? or * to list all spells.
Aiming: Flame Tongue (safe; 2% risk of failure)
Press: ? - help, Shift-Dir - straight line, f - harpy skeleton
Aim: a harpy skeleton (lightly damaged (44/50))
The flame tongue hits the harpy skeleton (6).
The harpy skeleton is moderately damaged. (38/50) HP The harpy skeleton claws you but does no damage. x2
The harpy skeleton closely misses you (0).
The harpy skeleton barely misses you (0).
Casting: Flame Tongue (safe; 2% risk of failure)
Confirm with . or Enter, or press ? or * to list all spells.
Aiming: Flame Tongue (safe; 2% risk of failure)
Press: ? - help, Shift-Dir - straight line, f/p - harpy skeleton
Aim: a harpy skeleton (moderately damaged (38/50))
The flame tongue hits the harpy skeleton (4).
The harpy skeleton is moderately damaged. (34/50) HP The harpy skeleton claws you but does no damage.
The harpy skeleton barely misses you (0).
The harpy skeleton claws you (1).
The harpy skeleton barely misses you (0).
Casting: Flame Tongue (safe; 2% risk of failure)
Confirm with . or Enter, or press ? or * to list all spells.
Aiming: Flame Tongue (safe; 2% risk of failure)
Press: ? - help, Shift-Dir - straight line, f/p - harpy skeleton
Aim: a harpy skeleton (moderately damaged (34/50))
The flame tongue hits the harpy skeleton (5).
The harpy skeleton is heavily damaged. (29/50) HP The harpy skeleton barely misses you (0).
The harpy skeleton closely misses you (0).
The harpy skeleton claws you but does no damage. x2
The harpy skeleton closely misses you (0).
The harpy skeleton misses you (0).
Casting: Flame Tongue (safe; 2% risk of failure)
Confirm with . or Enter, or press ? or * to list all spells.
You don't know that spell.
Okay, then.
Unknown command.
Casting: Flame Tongue (safe; 2% risk of failure)
Confirm with . or Enter, or press ? or * to list all spells.
Aiming: Flame Tongue (safe; 2% risk of failure)
Press: ? - help, Shift-Dir - straight line, f/p - harpy skeleton
Aim: a harpy skeleton (heavily damaged (29/50))
The flame tongue hits the harpy skeleton (8)!
The harpy skeleton is heavily damaged. (21/50) HP The harpy skeleton barely misses you (0).
The harpy skeleton closely misses you (0).
The harpy skeleton claws you but does no damage.
The harpy skeleton barely misses you (0).
Casting: Flame Tongue (safe; 2% risk of failure)
Confirm with . or Enter, or press ? or * to list all spells.
Aiming: Flame Tongue (safe; 2% risk of failure)
Press: ? - help, Shift-Dir - straight line, f/p - harpy skeleton
Aim: a harpy skeleton (heavily damaged (21/50))
The flame tongue hits the harpy skeleton (5).
The harpy skeleton is severely damaged. (16/50) HP The harpy skeleton closely misses you (0).
The harpy skeleton claws you (9)!
The harpy skeleton barely misses you (0).
The harpy skeleton claws you (8)!
Your body deteriorates!
You feel clumsy.
Casting: Flame Tongue (safe; 2% risk of failure)
Confirm with . or Enter, or press ? or * to list all spells.
Aiming: Flame Tongue (safe; 2% risk of failure)
Press: ? - help, Shift-Dir - straight line, f/p - harpy skeleton
Aim: a harpy skeleton (severely damaged (16/50))
The flame tongue hits the harpy skeleton (6).
The harpy skeleton is almost destroyed. (10/50) HP The harpy skeleton claws you (11)!
* * * LOW HITPOINT WARNING * * *
The harpy skeleton barely misses you (0).
The harpy skeleton claws you but does no damage. x3
The harpy skeleton claws you (8)!
* * * LOW HITPOINT WARNING * * *
Casting: Flame Tongue (safe; 2% risk of failure)
Confirm with . or Enter, or press ? or * to list all spells.
Aiming: Flame Tongue (safe; 2% risk of failure)
Press: ? - help, Shift-Dir - straight line, f/p - harpy skeleton
Aim: a harpy skeleton (almost destroyed (10/50))
The flame tongue hits the harpy skeleton (3).
The harpy skeleton is almost destroyed. (7/50) HP Eustachio shouts!
The harpy skeleton claws you (13)!
You die...

.... #...###......# ....# ..
#[..##..@....## ...... ...
#.............## ...... ...#
#..............# .............##
#.............#
..............###.........>..#
.........#...................#
.........##......Z...........##
.........####...@..##.....##..##
.........##
#............####..##
..........###...........## ##O.#
...............<).......# ###o
......##........######### #.
......##......### ##
.....###......# #
....###.......# ...###........#


You could see Eustachio and a harpy skeleton.

Vanquished Creatures
  A water moccasin (D:2)
  A scorpion (D:3)
  An ogre (D:2)
  4 big kobolds (D:2)
  A bullfrog (D:2)
  2 orc priests
  7 jellies (D:2)
  2 orc wizards
  A worker ant (D:3)
  5 giant cockroaches
  5 adders
  33 sewer rats
  3 worms
  13 cinder newts
  6 oozes
  2 dart slugs (D:1)
  4 leopard geckos
  11 orcs
  2 goblins (D:1)
  4 hobgoblins (D:1)
  22 kobolds
  6 ball pythons
  8 bats
  A bat skeleton (D:2)
  A hobgoblin skeleton (D:2)
  A leopard gecko skeleton (D:2)
  9 rats
  6 withered plants (D:2)
162 creatures vanquished.

Vanquished Creatures (others)
  2 jellies (D:2)
  2 giant cockroaches (D:2)
  A leopard gecko (D:2)
  An adder skeleton (D:2)
  3 ball pythons (D:2)
  8 kobolds (D:2)
  A kobold skeleton (D:2)
  A quokka skeleton (D:2)
  A rat (D:2)
  228 withered plants (D:2)
248 creatures vanquished.

Grand Total: 410 creatures vanquished

Notes
Turn   | Place    | Note
-------+----------+-------------------------------------------
     0 | D:1      | MisterOstroum the Immature Draconian Demonspawn began the
                  | quest for the Orb.
     0 | D:1      | Reached XP level 1. HP: 18/18 MP: 4/4
    37 | D:1      | Gained mutation: When hurt, damage is shared between your
                  | health and your magic reserves. [demonic ancestry]
    37 | D:1      | Reached XP level 2. HP: 20/25 MP: 5/5
   307 | D:1      | Reached XP level 3. HP: 30/30 MP: 7/7
   688 | D:1      | Reached XP level 4. HP: 38/38 MP: 8/8
   846 | D:1      | Learned a level 2 spell: Blink
   850 | D:1      | Learned a level 3 spell: Conjure Flame
   854 | D:1      | Learned a level 3 spell: Mephitic Cloud
  1222 | D:2      | Upgraded the game from 0.02-207-g49f19f9342 to
                  | 0.03.2.1-32-g00f802a9a0
  1261 | D:2      | Noticed a water moccasin
  1271 | D:2      | Killed a water moccasin
  1271 | D:2      | Reached skill level 2 in Fire Magic
  1271 | D:2      | Gained mutation: You have a pair of small horns on your
                  | head. [demonic ancestry]
  1271 | D:2      | Reached XP level 5. HP: 17/45 MP: 4/10
  1528 | D:2      | Gained mutation: You regenerate magic rapidly. [demonic
                  | ancestry]
  1528 | D:2      | Reached XP level 6. HP: 51/51 MP: 8/11
  1622 | D:1      | Reached skill level 3 in Fire Magic
  1735 | D:2      | Identified the cursed amulet "Eleotuel" {RegenMP Str+2
                  | Dex+4 Slay-6, (Curse: *Drain)}
  2016 | D:2      | Reached skill level 4 in Fire Magic
  2055 | D:2      | Your scales start taking on an empereal azure colour.
  2055 | D:2      | Reached XP level 7. HP: 35/57 MP: 5/12
  2055 | D:2      | Gained mutation: You have a pair of horns on your head.
                  | [demonic ancestry]
  2055 | D:2      | Gained mutation: Your empereal azure scales grant you
                  | immunity to the effects of clouds and air. (rCloud, rAir)
                  | [Cyan Draconian growth]
  2055 | D:2      | Gained mutation: You are in touch with the powers of
                  | translocation. [Cyan Draconian growth]
  2362 | D:2      | Reached skill level 1 in Translocations
  2534 | D:2      | Reached skill level 5 in Fire Magic
  2813 | D:2      | Identified the cursed ring "Aser" {rC- Str+6 Int+9 Stlth-,
                  | (Curse: Fragile)}
  2898 | D:2      | Reached XP level 8. HP: 63/63 MP: 11/13
  4640 | D:3      | Noticed Eustachio
  4803 | D:3      | Gained mutation: Your body sometimes deteriorates upon
                  | taking damage. [potion of mutation]
  4922 | D:2      | Upgraded the game from 0.03.2.1-32-g00f802a9a0 to
                  | 0.04-9-g2b7ad2140f
  5417 | D:3      | Slain by a harpy skeleton

Levels and vault maps discovered:
D:1:      minmay_arrival_stone_box, layout_basic, first_ration,
          gup_sewer_entry_bowl
D:2:      layout_sewer
D:3:      layout_layer_cave, nicolae_tso_swordbearing_angel, uniq_eustachio

Skill      XL: |  1  2  3  4  5  6  7  8 |
---------------+-------------------------+-----
Polearms       | 2 3 4 |  4.0
Spellcasting   | 3 4 |  4.4
Fighting       | 3 4 |  4.2
Fire Magic     | 2 4 5 |  5.1
Translocations | 2 4 |  4.0
Dodging        | 3 |  3.4
Stealth        | |  1.3
Invocations    | |  3.0

Action                   |  1- 3 |  4- 6 |  7- 9 || total
-------------------------+-------+-------+-------++-------
Melee: Trident           |    62 |    89 |   119 ||   270
       Unarmed           |    29 |    85 |    84 ||   198
       Tailslap          |     5 |     6 |     7 ||    18
       Spear             |       |    33 |       ||    33
       Headbutt          |       |     3 |     6 ||     9
 Fire: Hunting sling     |    12 |     8 |       ||    20
Throw: Bone              |       |     1 |     1 ||     2
       Stone             |       |       |     5 ||     5
       Rusty metal       |       |       |     2 ||     2
       Skull             |       |       |     4 ||     4
 Cast: Flame Tongue      |     8 |    65 |   152 ||   225
       Blink             |       |     3 |       ||     3
 Abil: Breathe Blast of  |       |       |     7 ||     7
  Use: Potion            |       |     1 |     1 ||     2
 Stab: Sleeping          |     3 |       |     1 ||     4
  Eat: Ration            |       |     1 |     1 ||     2
       Chunk             |       |     2 |    13 ||    15
Armor: Skin              |    20 |   102 |   158 ||   280
Dodge: Dodged            |    42 |   115 |    75 ||   232
